Map: Dusk Towers

Players

무작위상무 - Winner!

  • Race: Protoss Protoss
  • League: Master

ILLBdA

  • Race: Protoss Protoss
  • League: Diamond

VOD

Have the link to the VOD?

Description

Time

  • Played on: Dec. 13, 2015, 6:45 a.m.
  • Length: 8:16
Show
View Real Time Build Order
Export as new Build Order

무작위상무 Protoss - Winner!

Build Orders: Nexus First 

Get SALT Encoding   

  12  0:01  Probe (Chrono Boost)  
  13  0:11  Probe (Chrono Boost)  
  14  0:19  Pylon  
  14  0:22  Probe (Chrono Boost)  
  15  0:37  Probe (Chrono Boost)  
  16  0:47  Probe (Chrono Boost)  
  17  0:58  Nexus  
  17  1:08  Gateway  
  18  1:11  Probe (Chrono Boost)  
  18  1:22  Probe (Chrono Boost)  
  19  1:26  Pylon  
  19  1:30  Assimilator  
  19  1:32  Probe (Chrono Boost)  
  20  1:33  Assimilator  
  20  1:43  Probe (Chrono Boost)  
  21  1:52  Gateway  
  21  1:53  Probe (Chrono Boost)  
  22  2:00  Cybernetics Core  
  22  2:04  Probe (Chrono Boost)  
  23  2:11  Probe (Chrono Boost)  
  23  2:14  Probe (Chrono Boost)  
  25  2:22  Probe (Chrono Boost)  
  26  2:25  Probe (Chrono Boost)  
  27  2:32  Probe (Chrono Boost)  
  29  2:38  Mothership Core (Chrono Boost), Adept, Warp Gate  
  29  2:42  Adept (Chrono Boost)  
  34  2:45  Probe (Chrono Boost)  
  35  2:55  Probe (Chrono Boost)  
  35  2:56  Probe (Chrono Boost)  
  37  2:59  Pylon  
  37  3:05  Probe (Chrono Boost)  
  37  3:06  Probe  
  37  3:07  Stalker (Chrono Boost)  
  37  3:12  Stalker (Chrono Boost)  
  43  3:17  Probe  
  43  3:19  Probe  
  45  3:25  Robotics Facility  
  45  3:29  Probe (Chrono Boost)  
  45  3:31  Probe (Chrono Boost)  
  45  3:33  Pylon  
  47  3:45  Stalker x2  
  47  3:48  Probe x2 (Chrono Boost)  
  53  3:58  Probe (Chrono Boost)  
  53  3:59  Probe (Chrono Boost)  
  55  4:12  Warp Prism  
  55  4:14  Probe (Chrono Boost)  
  55  4:15  Probe (Chrono Boost), Adept  
  55  4:16  Assimilator  
  61  4:18  Adept  
  61  4:21  Assimilator  
  61  4:25  Probe (Chrono Boost)  
  61  4:27  Pylon  
  61  4:30  Pylon  
  62  4:36  Pylon  
  62  4:45  Probe (Chrono Boost), Nexus  
  63  4:48  Observer  
  63  4:50  Twilight Council  
  64  4:55  Pylon  
  64  4:56  Pylon  
  64  5:04  Stalker x2  
  68  5:09  Observer  
  68  5:26  Probe x2 (Chrono Boost)  
  70  5:31  Gateway  
  70  5:33  Gateway, Blink  
  70  5:36  Probe (Chrono Boost), Pylon  
  70  5:37  Probe (Chrono Boost)  
  70  5:38  Immortal  
  68  5:57  Probe (Chrono Boost)  
  68  5:58  Probe x2 (Chrono Boost)  
  68  6:02  Robotics Bay  
  71  6:08  Probe x3 (Chrono Boost)  
  71  6:09  Forge  
  74  6:15  Pylon  
  74  6:16  Warp Prism  
  76  6:18  Probe (Chrono Boost)  
  76  6:19  Probe x2 (Chrono Boost)  
  76  6:23  Stalker  
  76  6:24  Stalker  
  83  6:29  Probe x3 (Chrono Boost)  
  86  6:38  Gateway  
  86  6:40  Gateway  
  86  6:43  Photon Cannon  
  86  6:46  Photon Cannon  
  86  6:51  Photon Cannon  
  86  6:53  Observer  
  87  6:58  Photon Cannon  
  87  7:07  Stalker x3  
  93  7:11  Stalker  
  93  7:13  Disruptor (Chrono Boost)  
  98  7:15  Pylon  
  98  7:17  Pylon  
  98  7:19  Pylon  
  98  7:31  Stalker x2  
  98  7:36  Stalker x2  
  106  7:37  Stalker x2  
  110  7:44  Pylon  
  110  7:46  Pylon  
  110  7:50  Assimilator  
  101  8:06  Stalker x6  
Show
View Real Time Build Order
Export as new Build Order

ILLBdA Protoss 

Build Orders: Nexus First, Zealot Archon, Dark Templar Rush 

Get SALT Encoding   

  12  0:01  Probe (Chrono Boost)  
  13  0:12  Probe (Chrono Boost)  
  14  0:17  Pylon  
  14  0:22  Probe (Chrono Boost)  
  16  0:35  Probe (Chrono Boost)  
  16  0:46  Probe (Chrono Boost)  
  17  0:58  Nexus  
  17  1:09  Gateway  
  18  1:11  Probe (Chrono Boost)  
  18  1:22  Probe (Chrono Boost)  
  18  1:23  Assimilator  
  19  1:26  Assimilator  
  19  1:32  Probe (Chrono Boost)  
  20  1:39  Gateway  
  20  1:43  Probe (Chrono Boost)  
  21  1:53  Probe (Chrono Boost)  
  22  1:58  Cybernetics Core  
  22  2:04  Probe (Chrono Boost)  
  22  2:05  Pylon  
  23  2:12  Probe (Chrono Boost)  
  23  2:14  Probe (Chrono Boost)  
  25  2:22  Probe (Chrono Boost)  
  26  2:27  Probe (Chrono Boost)  
  27  2:32  Pylon  
  27  2:34  Adept (Chrono Boost)  
  27  2:36  Adept (Chrono Boost)  
  31  2:38  Warp Gate  
  31  2:41  Probe (Chrono Boost)  
  32  2:53  Mothership Core (Chrono Boost), Probe (Chrono Boost)  
  32  2:57  Twilight Council  
  35  3:05  Probe (Chrono Boost)  
  36  3:10  Assimilator  
  36  3:11  Assimilator  
  36  3:12  Probe (Chrono Boost)  
  37  3:17  Probe (Chrono Boost)  
  38  3:20  Stalker  
  38  3:22  Probe (Chrono Boost)  
  41  3:28  Probe (Chrono Boost)  
  41  3:33  Dark Shrine  
  42  3:43  Probe (Chrono Boost)  
  42  3:47  Pylon  
  44  3:48  Probe (Chrono Boost)  
  44  3:53  Gateway  
  44  3:54  Probe (Chrono Boost)  
  41  4:07  Probe (Chrono Boost)  
  43  4:22  Probe (Chrono Boost)  
  43  4:23  Probe (Chrono Boost)  
  45  4:26  Gateway  
  45  4:33  Probe x2 (Chrono Boost)  
  43  4:40  Robotics Facility  
  43  4:43  Probe (Chrono Boost)  
  44  4:46  Dark Templar x2  
  48  4:54  Blink (Chrono Boost)  
  48  4:55  Dark Templar  
  50  5:00  Probe x2  
  48  5:20  Probe  
  49  5:22  Dark Templar x2  
  49  5:27  Probe, Immortal (Chrono Boost)  
  57  5:32  Probe  
  59  5:37  Stalker, Probe  
  62  5:43  Pylon  
  61  5:56  Archon x2  
  61  6:02  Probe, Immortal (Chrono Boost)  
  66  6:05  Dark Templar  
  66  6:06  Stalker  
  66  6:09  Pylon  
  70  6:16  Archon  
  70  6:26  Gateway  
  70  6:28  Gateway  
  70  6:29  Pylon  
  70  6:30  Stalker x2  
  74  6:36  Immortal (Chrono Boost)  
  78  6:40  Pylon  
  78  6:45  Pylon  
  78  6:49  Dark Templar x2  
  78  6:53  Archon  
  82  7:01  Stalker x2  
  86  7:14  Gateway x2  
  86  7:18  Immortal (Chrono Boost)  
  90  7:36  Stalker  
  90  7:37  Stalker x2  
  96  7:52  Observer (Chrono Boost)  
Tags
 
Add a new tag
Caveats
  • Supply blocks, unpowered buildings, or Contaminate may cause inaccurate times.
  • Supply counts are checked every 10 seconds.